Cogmind - Beta 15 @@@ ROGUE MODE // 2025.06.21 @ 14:21:17 Player: notverysmot Result: Destroyed by as-34511 with Assembled Rifle Performance ------------- Evolutions (0) 0 Regions Visited (2) 400 Robots Destroyed (3) 15 Value Destroyed (30) 30 Prototype IDs (0) 0 Alien Tech Used (0) 0 Bonus (0) 0 TOTAL SCORE: 445 Bonus ------- None Cogmind --------- Core Integrity 0/250 Matter 201/300 Energy 38/100 System Corruption 0% Temperature Cool (0) Movement Walking (120) Location -10/Mines Parts ------- > --- POWER (1) -------- (None) > --- PROPULSION (2) --- Aluminum Leg > --- UTILITY (2) ------ Small Storage Unit > --- WEAPON (2) ------- Assault Rifle Assault Rifle > --- INVENTORY (8) ---- Sensor Array Assault Rifle Peak State ------------ > --- POWER ------------ Light Ion Engine > --- PROPULSION ------- Aluminum Leg Aluminum Leg > --- UTILITY ---------- Small Storage Unit Sensor Array > --- WEAPON ----------- Assault Rifle Assault Rifle > --- INVENTORY -------- Light Ion Engine Wheel Wheel Assault Rifle [Rating: 7] Favorites ----------- Power Light Ion Engine Engine Light Ion Engine Propulsion Aluminum Leg Leg Aluminum Leg Flight Unit Flight Unit Utility Small Storage Unit Device Sensor Array Storage Small Storage Unit Weapon Assault Rifle Ballistic Gun Assault Rifle Special Weapon Mining Laser Build | -11 -10 -10 ------- Run | Yrd Mat Min Slots Evolved . | . . . Power . | . . . Propulsion . | . . . Utility . | . . . Weapon . | . . . Parts Attached 13 | 6 1 6 Power 2 | 1 . 1 Engine 2 | 1 . 1 Core . | . . . Reactor . | . . . Propulsion 4 | 2 . 2 Treads . | . . . Leg 2 | 2 . . Wheel . | . . . Hover . | . . . Flight 2 | . . 2 Utility 2 | 1 1 . Device 1 | . 1 . Storage 1 | 1 . . Processor . | . . . Hackware . | . . . Protection . | . . . Artifact . | . . . Weapon 5 | 2 . 3 Energy Gun . | . . . Energy Cannon . | . . . Ballistic Gun 3 | 2 . 1 Ballistic Cannon . | . . . Launcher . | . . . Special Weapon 2 | . . 2 Impact Weapon . | . . . Slashing Weapon . | . . . Piercing Weapon . | . . . Special Melee Weapon . | . . . Unidentified Prototypes . | . . . Parts Lost 6 | . . 6 Power 1 | . . 1 Propulsion 3 | . . 3 Utility . | . . . Weapon 2 | . . 2 Highest Loss Streak 6 | . . 6 To Critical Strikes . | . . . Average Backups 4 | 3 4 6 Power . | . 1 . Propulsion 1 | 1 2 2 Utility . | . . . Weapon 1 | . 1 3 Tool/Special . | . . . Unused Backups 2 | . . 2 Power . | . . . Propulsion 2 | . . 2 Utility . | . . . Weapon . | . . . Tool/Special . | . . . Average Slot Usage (%) 94 | . 97 85 Engine 13 | . 14 11 Leg 25 | . 28 18 Flight 2 | . . 7 Device 11 | . 12 9 Storage 14 | . 14 14 Ballistic Gun 26 | . 28 23 Peak Build Rating 7 | 6 7 7 Average Rating 5 | 4 6 5 On Entrance 4 | . 6 7 Naked Turns . | . . . Heaviest Build 13 | 12 13 13 Greatest Support 20 | 20 20 20 Greatest Overweight (x) . | . . . Average Overweight (x) . | . . . Largest Inventory Capacity 8 | 8 8 8 Average Capacity 7 | 7 8 8 Most Carried 8 | 5 6 8 Average Carried 4 | 3 4 6 Final Capacity 8 | 8 8 8 Final Carried 6 | 4 6 2 Class Distribution -------------------- 100% | Mutant Dominant Class ---------------- Mutant | -10/Materials Mutant | -10/Mines Resources | -11 -10 -10 ----------- Run | Yrd Mat Min Matter Collected 273 | 225 . 48 Remotely . | . . . Salvage Created 47 | . . 47 Parts 5 | . . 5 Haulers Intercepted . | . . . Recyclers Shooed . | . . . Parts Field Recycled . | . . . Retrieved Matter . | . . . Parts Self-Destructed . | . . . Prevented . | . . . Kills | -11 -10 -10 ------- Run | Yrd Mat Min Combat Hostiles Destroyed 4 | . . 4 Guns 3 | . . 3 Cannons 1 | . . 1 Classes Destroyed 2 | . . 2 Swarmer 3 | . . 3 Assembled 1 | . . 1 Best Kill Streak 3 | . . 3 Combat Bots Only 3 | . . 3 Max Kills in Single Turn 1 | . . 1 Gunslinging . | . . . Exploded . | . . . Melee . | . . . Uniques/NPCs Destroyed . | . . . Combat | -11 -10 -10 -------- Run | Yrd Mat Min Hostile Shots Fired 66 | . 9 57 Missed 17 | . 2 15 Hits 49 | . 7 42 Melee 12 | . . 12 Projectile 37 | . 7 30 Damage Taken 789 | . 93 696 Core 254 | . 36 218 Absorbed by Shields . | . . . Core Remaining (%) 100 | 100 . . Volleys Fired 8 | . 2 6 Largest 2 | . 2 2 Hottest 100 | . 40 100 Shots Fired 15 | . 4 11 Gun 14 | . 4 10 Cannon . | . . . Launcher . | . . . Special 1 | . . 1 Kinetic 14 | . 4 10 Thermal 1 | . . 1 Explosive . | . . . Electromagnetic . | . . . Robot Hit Streak 4 | . 4 2 Robot Miss Streak 2 | . . 2 Penetration Max . | . . . Secondary Targets 1 | . . 1 Max Gunslinging Chain 1 | . . 1 Shots Hit Robots 9 | . 4 5 Core Hits 5 | . . 5 Critical Kills . | . . . Critical Parts Destroyed . | . . . Critical Strikes . | . . . Melee Attacks . | . . . Impact . | . . . Slashing . | . . . Piercing . | . . . Sneak Attacks . | . . . Combat Hostiles . | . . . Follow-up Attacks . | . . . Damage Inflicted 164 | . 51 113 Guns 140 | . 51 89 Cannons . | . . . Explosions . | . . . Melee . | . . . Ramming . | . . . Kinetic 140 | . 51 89 Thermal 24 | . . 24 Explosive . | . . . Electromagnetic . | . . . Impact . | . . . Slashing . | . . . Piercing . | . . . Highest Corruption . | . . . Average Corruption . | . . . Corruption Purged . | . . . Corruption Blocked . | . . . Overload Shots . | . . . Overflow Damage . | . . . Projectiles . | . . . Explosions . | . . . Melee . | . . . Knockbacks . | . . . Impact . | . . . Kinetic . | . . . Secondary . | . . . Self-Inflicted Damage . | . . . Shots . | . . . Rammed . | . . . Targets Rammed . | . . . Kicked . | . . . Crushed . | . . . Highest Temperature 25 | . 8 25 Average Temperature 16 | . 8 17 Received Heat Transfer 131 | . 51 80 Siege Activations . | . . . Martial Activations . | . . . Shielding Activations . | . . . Robots Disrupted . | . . . Combat Hostiles . | . . . Robots Corrupted . | . . . Combat Hostiles . | . . . Parts Fried . | . . . Impact Corruptions . | . . . Robots Melted . | . . . Combat Hostiles . | . . . Parts Melted . | . . . Heat Transferred 50 | . . 50 Parts Sabotaged . | . . . Parts Stolen . | . . . Parts Stripped . | . . . Power Chain Reactions . | . . . Alert | -11 -10 -10 ------- Run | Yrd Mat Min Maximum Alert Level . | . . . Low Security (%) 100 | 100 100 100 Level 1 . | . . . Level 2 . | . . . Level 3 . | . . . Level 4 . | . . . Level 5 . | . . . High Security . | . . . Max Security . | . . . Peak Influence 70 | . . 70 Initial . | . . . Average 9 | . . 45 Influence Increases 70 | . . 70 Destroy 0b10 Robot/C 60 | . . 60 Destroy Leader 10 | . . 10 Influence Decreases 70 | . . 70 Time Decay 20 | . . 20 Lost Part 50 | . . 50 Squads Dispatched 1 | . 1 . Investigation 1 | . 1 . Extermination . | . . . Reinforcement . | . . . Assault . | . . . Garrison . | . . . Intercept . | . . . Searches Triggered . | . . . Construction Impeded . | . . . Haulers Reinforced . | . . . Active Scanning Responses . | . . . Cargo Convoy Interrupts . | . . . Stealth | -11 -10 -10 --------- Run | Yrd Mat Min Distress Signals . | . . . Communications Jammed . | . . . Distress Signals . | . . . Times Spotted 26 | . 6 20 Peak Tracking Total 18 | . 6 18 Tactical Retreats . | . . . Traps | -11 -10 -10 ------- Run | Yrd Mat Min Traps Triggered . | . . . Indirectly . | . . . Trap Hack Attempts . | . . . Triggered . | . . . Disarmed . | . . . Reprogrammed . | . . . Reused . | . . . Traps Extracted . | . . . Installed . | . . . Triggered . | . . . Machines | -11 -10 -10 ---------- Run | Yrd Mat Min Machines Disabled . | . . . Max in Single Turn . | . . . Machines Repaired . | . . . Machines Dismantled . | . . . Machines Sabotaged . | . . . Overloaded Fab Kills . | . . . Hacking | -11 -10 -10 --------- Run | Yrd Mat Min Machines Accessed 1 | . 1 . Terminals . | . . . Fabricators . | . . . Repair Stations . | . . . Recycling Units 1 | . 1 . Scanalyzers . | . . . Garrison Access . | . . . Total Hacks 4 | . 4 . Successful 2 | . 2 . Failed 2 | . 2 . Catastrophic . | . . . Database Lockouts . | . . . Manual . | . . . Terminals . | . . . Fabricators . | . . . Repair Stations . | . . . Recycling Units 4 | . 4 . Scanalyzers . | . . . Garrison Access . | . . . Terminal Hacks . | . . . Fabricator Hacks . | . . . Repair Station Hacks . | . . . Recycling Unit Hacks 2 | . 2 . Process 1 | . 1 . Report Inventory 1 | . 1 . Scanalyzer . | . . . Garrison Access Hacks . | . . . Unauthorized Hacks . | . . . Terminals . | . . . Fabricators . | . . . Repair Stations . | . . . Recycling Units . | . . . Scanalyzers . | . . . Garrison Access . | . . . Data Cores Recovered . | . . . Used . | . . . Hacking Detections 1 | . 1 . Full Trace Events 1 | . 1 . Feedback Events . | . . . Feedback Blocked . | . . . Robot Schematics Acquired . | . . . Robots Built . | . . . Authchips . | . . . Time . | . . . Total Robot Build Rating . | . . . Part Schematics Acquired . | . . . Parts Built . | . . . Authchips . | . . . Time . | . . . Total Part Build Rating . | . . . Parts Repaired . | . . . Time . | . . . Parts Recycled . | . . . Recycled Matter 35 | . 35 . Retrieved Matter . | . . . Retrieved Components . | . . . Parts Scanalyzed . | . . . Part Schematics Acquired . | . . . Parts Damaged . | . . . Bothacking | -11 -10 -10 ------------ Run | Yrd Mat Min Used RIF Installer . | . . . Robots Hacked . | . . . Non-combat . | . . . Combat . | . . . Robot Hacks Applied . | . . . Relay Couplers Released . | . . . Fabnet Peak Effective % . | . . . Robots Rewired . | . . . Allies Hacked . | . . . Hacks Repelled . | . . . Allies | -11 -10 -10 -------- Run | Yrd Mat Min Total Allies . | . . . Largest Group . | . . . Highest-Rated Group . | . . . Highest-Rated Ally . | . . . Total Orders . | . . . Ally Attacks . | . . . Total Damage . | . . . Kills . | . . . Allies Corrupted . | . . . Allies Melted . | . . . Intel | -11 -10 -10 ------- Run | Yrd Mat Min Active Infowar (turns) 144 | . 119 25 Sensors 144 | . 119 25 Robot Analysis Total . | . . . Derelict Logs Recovered . | . . . Drone Launches . | . . . Drone Recoveries . | . . . Exploration | -11 -10 -10 ------------- Run | Yrd Mat Min Turns Passed 233 | 56 130 47 Spaces Moved 159 | 39 101 19 Core 8 | 8 . . Treads . | . . . Legs 139 | 31 101 7 Wheels . | . . . Hover . | . . . Flight 12 | . . 12 Fastest Speed 37 | 50 120 37 Average Speed 110 | 105 120 67 Slowest Speed 120 | 120 120 120 Overloaded Moves . | . . . Propulsion Burnouts . | . . . Robots Hopped 1 | . . 1 Potential Cave-ins . | . . . Cave-ins Triggered . | . . . Exploration Rate (%) 9 | 4 20 5 Regions Visited 2 Branch Regions 1 Pre-discovered Areas . | . . . Known Exits Taken . | . . . Unknown Exits Taken 2 | 1 1 . Scrap Searched . | . . . Spaces Dug . | . . . Terrain Destroyed . | . . . Melee . | . . . Projectile . | . . . AOE . | . . . Terrain Rammed . | . . . Walls Destroyed . | . . . Machines Disabled . | . . . Actions | -11 -10 -10 --------- Run | Yrd Mat Min Total 202 | 54 106 42 Wait . | . . . Move 155 | 38 100 17 Hop 1 | . . 1 Pick Up 16 | 10 3 3 Fast Attach . | . . . Attach 13 | 6 1 6 Detach 2 | . . 2 Swap 3 | . . 3 Drop 4 | . . 4 Fire 8 | . 2 6 Melee . | . . . Ram . | . . . Kick . | . . . Crush . | . . . Escape Stasis . | . . . Rewire . | . . . Trap . | . . . Miscellaneous . | . . . Route ------- -11/Scrapyard -10/Materials -10/Mines History --------- Turn | Location | Event 19 | -11/Scrapyard | Discovered new exit (range 15) 57 | -11/Scrapyard | Entered Materials 163 | -10/Materials | Discovered new exit (range 6) 187 | -10/Materials | Entered Mines 188 | -10/Mines | Assembled infested the area 193 | -10/Mines | Assisted by a Guerilla fighting off Assembled 223 | -10/Mines | Core integrity fell below 50% 229 | -10/Mines | Core integrity fell below 20% 234 | -10/Mines | Destroyed by as-34511 with Assembled Rifle Last Messages --------------- coming from, and they're closing on this area, come on!" 00193_ S-10 Pest destroyed. 00200_ Acquired Flight Unit. 00203_ Acquired 18 matter. 00204_ Acquired 29 matter. 00206_ Acquired 1 matter. 00207_ L3-4J3(h) destroyed. 00210_ Dropped Wheel. 00212_ Dropped Sensor Array. 00214_ Dropped Lgt. Ion Engine. 00215_ Acquired Sensor Array. 00219_ Flight Unit destroyed. 00223_ Mining Laser destroyed. 00224_ as-71878 destroyed. 00225_ Lgt. Ion Engine destroyed. 00227_ Mining Laser destroyed. 00230_ Destroyed Asb. F-torch. 00230_ Aluminum Leg destroyed. 00231_ as-13043 destroyed. Map ----- +----------------------------------------------------+ | | | | | | | | | | | | | | | | | | | | | | | | | | | | | | | | | | | | | | | | | | | | | ?????????????????????????????????????????????????? | | ????????????????????????????#####????????????????? | | ??????????????????????####### ##???????????????? | | ??????????????????????# a@a ##??????????????? | | ??????????????????????# aaa ####???????????? | | ??????????????????????# a*# * ##??????????? | | ??????????????????????#aa## *[ ##?????????? | | ??????????????????????#a ?## [==;#?????????? | | ?????????????????????#a a??#### #;## #?????????? | | ????????????????????# % a?????#######??#?????????? | | ???????????????????#